FOD
AUSTIN ACES @ MACON BACON
07/21/2054
 
TOP OF THE 1ST
Austin Aces batting - Pitching for Macon Bacon : RHP Alonso García
Pitching: RHP Alonso García
Batting: LHB Héctor Guerra 0-0: Ball
1-0: Ball
2-0: Called Strike
2-1: DOUBLE (Flyball, 78D, EV 106.9 MPH)
Batting: LHB Roberto Salazar 0-0: Foul Ball, location: 7LDF
0-1: Foul Ball, location: 5F
0-2: Ball
1-2: Foul Ball, location: 9LSF
1-2: Ball
2-2: Foul Ball, location: 2F
2-2: Ball
3-2: Strikes out swinging
Batting: LHB Shane Young 0-0: Called Strike
0-1: Ball
1-1: Fly out, F3 (Popup, 3F, EV 69.4 MPH)
Batting: LHB George Shaw 0-0: Ball
1-0: Swinging Strike
1-1: Fly out, F4 (Popup, 13, EV 71.3 MPH)
Top of the 1st over - 0 runs, 1 hit, 0 errors, 1 left on base; Austin 0 - Macon 0
BOTTOM OF THE 1ST
Macon Bacon batting - Pitching for Austin Aces : RHP Rick Brodie
Pitching: RHP Rick Brodie
Batting: LHB John Owen 0-0: Foul Ball, location: 3FF
0-1: Ball
1-1: Ball
2-1: Foul Ball, location: 23F
2-2: Ball
3-2: Base on Balls
Batting: RHB Santiago Contreras 0-0: Ball
1-0: Ball
2-0: Called Strike
2-1: DOUBLE (Line Drive, 9LS, EV 103.1 MPH)
John Owen to third
Batting: RHB Félix Rodríguez 0-0: Fly out, F9 (Flyball, 89S, EV 93.1 MPH)
Batting: RHB Pat Moore 0-0: Foul Ball, location: 9LSF
0-1: DOUBLE (Groundball, 3L, EV 94.4 MPH)
John Owen scores
Santiago Contreras scores
Batting: LHB Ernesto Mojica 0-0: Ball
1-0: Ball
2-0: SINGLE (Line Drive, 4MD, EV 103.8 MPH)
Pat Moore to third
Runner from 3rd tries for Home, SAFE, throw by CF to home
Now in CF: Wilson Galván
Batting: LHB Edgardo Pérez 0-0: Foul Ball, location: 2F
0-1: Ball
1-1: Fly out, F8 (Flyball, 8LXD, EV 95.6 MPH)
Batting: RHB Jason Hanson 0-0: Called Strike
0-1: Swinging Strike
0-2: Ball
1-2: Strikes out looking
Bottom of the 1st over - 3 runs, 3 hits, 0 errors, 1 left on base; Austin 0 - Macon 3
TOP OF THE 2ND
Austin Aces batting - Pitching for Macon Bacon : RHP Alonso García
Batting: SHB Oliver Johns 0-0: Ground out U3 (Groundball, 34S, EV 87.5 MPH)
Batting: SHB Orlando Guzmán 0-0: Ball
1-0: Ground out 4-3 (Groundball, 4, EV 81.3 MPH)
Batting: RHB Pablo Tovar 0-0: Called Strike
0-1: Ball
1-1: Ball
2-1: Called Strike
2-2: Ball
3-2: Fly out, F8 (Flyball, 8LD, EV 95.6 MPH)
Top of the 2nd over - 0 runs, 0 hits, 0 errors, 0 left on base; Austin 0 - Macon 3
BOTTOM OF THE 2ND
Macon Bacon batting - Pitching for Austin Aces : RHP Rick Brodie
Batting: RHB José Vázquez 0-0: Single, Error in OF, E8, batter to second base (Groundball, 6MD, EV 94.4 MPH)
Batting: RHB Alonso García 0-0: Bunted foul
0-1: Bunt - Flyout to 13 - DP at third! 1-6
Batting: LHB John Owen 0-0: Foul Ball, location: 9LDF
0-1: Called Strike
0-2: Foul Ball, location: 2F
0-2: TRIPLE (Line Drive, 78XD, EV 106.3 MPH)
Batting: RHB Santiago Contreras 0-0: Ball
1-0: Ball
2-0: Called Strike
2-1: Ball
3-1: Called Strike
3-2: Strikes out swinging
Bottom of the 2nd over - 0 runs, 2 hits, 1 error, 1 left on base; Austin 0 - Macon 3
TOP OF THE 3RD
Austin Aces batting - Pitching for Macon Bacon : RHP Alonso García
Batting: RHB Héctor Sánchez 0-0: Called Strike
0-1: Ball
1-1: Foul Ball, location: 2F
1-2: Ground out 5-3 (Groundball, 56S, EV 79.4 MPH)
Batting: RHB Rick Brodie 0-0: Ball
1-0: Ball
2-0: Fly out, F9 (Line Drive, 9, EV 92.5 MPH)
Batting: RHB Wilson Galván 0-0: Ball
1-0: Called Strike
1-1: Ball
2-1: Called Strike
2-2: Foul Ball, location: 2F
2-2: Fly out, F3 (Popup, 3F, EV 61.3 MPH)
Top of the 3rd over - 0 runs, 0 hits, 0 errors, 0 left on base; Austin 0 - Macon 3
BOTTOM OF THE 3RD
Macon Bacon batting - Pitching for Austin Aces : RHP Rick Brodie
Batting: RHB Félix Rodríguez 0-0: Ball
1-0: Swinging Strike
1-1: Ball
2-1: DOUBLE (Line Drive, 9LM, EV 100.0 MPH)
Batting: RHB Pat Moore 0-0: Called Strike
0-1: SINGLE (Line Drive, 8RS, EV 95.0 MPH)
Félix Rodríguez to third
Batting: LHB Ernesto Mojica 0-0: Ball
1-0: Ball
2-0: Called Strike
2-1: Ball
3-1: Fly out, F6 (Popup, 6S, EV 76.9 MPH)
Batting: LHB Edgardo Pérez 0-0: Called Strike
0-1: 3-RUN HOME RUN (Flyball, 89XD, EV 103.1 MPH), Distance : 403 ft
Batting: RHB Jason Hanson 0-0: Ground out 1-3 (Groundball, 13, EV 71.9 MPH)
Batting: RHB José Vázquez 0-0: Called Strike
0-1: Called Strike
0-2: Foul Ball, location: 2F
0-2: Ball
1-2: Ball
2-2: Fly out, F7 (Line Drive, 7, EV 98.8 MPH)
Bottom of the 3rd over - 3 runs, 3 hits, 0 errors, 0 left on base; Austin 0 - Macon 6
TOP OF THE 4TH
Austin Aces batting - Pitching for Macon Bacon : RHP Alonso García
Batting: LHB Roberto Salazar 0-0: Foul Ball, location: 5F
0-1: Foul Ball, location: 7LMF
0-2: Ball
1-2: Ball
2-2: Fly out, F9 (Flyball, 89S, EV 89.4 MPH)
Batting: LHB Shane Young 0-0: Foul Ball, location: 7LMF
0-1: Called Strike
0-2: Hit by Pitch
Batting: LHB George Shaw 0-0: Swinging Strike
0-1: Called Strike
0-2: Foul Ball, location: 7LSF
0-2: SINGLE (Groundball, 34, EV 88.8 MPH)
Shane Young to second
Runner from 2nd tries for 3rd, OUT! 9-5
George Shaw to second
Batting: SHB Oliver Johns 0-0: Ball
1-0: Called Strike
1-1: Foul Ball, location: 2LF
1-2: Ball
2-2: Ball
3-2: Foul Ball, location: 23F
3-2: SINGLE (Line Drive, 7S, EV 110.0 MPH)
George Shaw to third
Runner from 3rd tries for Home, SAFE, throw by LF to home
Batting: SHB Orlando Guzmán 0-0: SINGLE (Groundball, 4D, EV 93.8 MPH)
Oliver Johns to second
Runner from 2nd tries for 3rd, SAFE, no throw by CF
Batting: RHB Pablo Tovar 0-0: Ball
1-0: Ground out U3 (Groundball, 3, EV 97.5 MPH)
Top of the 4th over - 1 run, 3 hits, 0 errors, 2 left on base; Austin 1 - Macon 6
BOTTOM OF THE 4TH
Macon Bacon batting - Pitching for Austin Aces : RHP Rick Brodie
Batting: RHB Alonso García 0-0: Called Strike
0-1: Foul Ball, location: 3F
0-2: Strikes out looking
Pitching: RHP Vince Abbey
Batting: LHB John Owen 0-0: Ball
1-0: Called Strike
1-1: Ball
2-1: Ball
3-1: Base on Balls
Batting: RHB Santiago Contreras 0-0: Called Strike
0-1: Ball
1-1: Fly out, F7 (Line Drive, 7S, EV 90.6 MPH)
Batting: RHB Félix Rodríguez 0-0: Called Strike
John Owen steals 2nd base
0-1: Ball
1-1: Called Strike
1-2: Ball
2-2: Foul Ball, location: 7LSF
2-2: Foul Ball, location: 23FF
2-2: Strikes out swinging
Bottom of the 4th over - 0 runs, 0 hits, 0 errors, 1 left on base; Austin 1 - Macon 6
TOP OF THE 5TH
Austin Aces batting - Pitching for Macon Bacon : RHP Alonso García
Batting: RHB Héctor Sánchez 0-0: Ball
1-0: Swinging Strike
1-1: Swinging Strike
1-2: Ball
2-2: Fly out, F7 (Line Drive, 7LM, EV 93.1 MPH)
Batting: RHB Vince Abbey 0-0: Ball
1-0: Called Strike
1-1: Ball
2-1: Foul Ball, location: 2F
2-2: Strikes out swinging
Batting: RHB Wilson Galván 0-0: Called Strike
0-1: Ball
1-1: Ball
2-1: Foul Ball, location: 25F
2-2: Ball
3-2: Base on Balls
Batting: LHB Roberto Salazar 0-0: Called Strike
0-1: Ball
1-1: Foul Ball, location: 25FF
1-2: Ground out U3 (Groundball, 3, EV 83.8 MPH)
Top of the 5th over - 0 runs, 0 hits, 0 errors, 1 left on base; Austin 1 - Macon 6
BOTTOM OF THE 5TH
Macon Bacon batting - Pitching for Austin Aces : RHP Vince Abbey
Batting: RHB Pat Moore 0-0: Swinging Strike
0-1: Swinging Strike
0-2: Ball
1-2: Foul Ball, location: 2F
1-2: Foul Ball, location: 2F
1-2: Strikes out swinging passed ball, reaches first!
Batting: LHB Ernesto Mojica 0-0: Called Strike
0-1: Ball
1-1: Ball
2-1: Fielders Choice at 2nd, 1-6 (Groundball, 13S, EV 68.8 MPH)
Batting: LHB Edgardo Pérez 0-0: Ball
1-0: Foul Ball, location: 2F
1-1: Ball
2-1: Fly out, F7 (Flyball, 78M, EV 95.0 MPH)
Batting: RHB Jason Hanson 0-0: Called Strike
0-1: Ball
1-1: Ball
2-1: Foul Ball, location: 23F
2-2: Ground out U3 (Groundball, 3S, EV 85.6 MPH)
Bottom of the 5th over - 0 runs, 0 hits, 0 errors, 1 left on base; Austin 1 - Macon 6
TOP OF THE 6TH
Austin Aces batting - Pitching for Macon Bacon : RHP Alonso García
Batting: LHB Shane Young 0-0: Ball
1-0: Ball
2-0: Foul Ball, location: 3F
2-1: Ball
3-1: Fly out, F9 (Flyball, 9LM, EV 99.4 MPH)
Pitching: RHP Javier Santandreu
Batting: LHB George Shaw 0-0: Ball
1-0: Fly out, F8 (Flyball, 8LS, EV 85.6 MPH)
Batting: SHB Oliver Johns 0-0: Called Strike
0-1: Foul Ball, location: 5DF
0-2: Strikes out swinging
Top of the 6th over - 0 runs, 0 hits, 0 errors, 0 left on base; Austin 1 - Macon 6
BOTTOM OF THE 6TH
Macon Bacon batting - Pitching for Austin Aces : RHP Vince Abbey
Batting: RHB José Vázquez 0-0: Ball
1-0: Swinging Strike
1-1: Ball
2-1: Ball
3-1: Foul Ball, location: 2F
3-2: Base on Balls
Pinch Hitting: RHB Andrés Bruno 0-0: Ball
1-0: Ball
2-0: Ball
3-0: Called Strike
3-1: Base on Balls
José Vázquez to second
Pitching: RHP Albert Morales
Batting: LHB John Owen 0-0: Foul Ball, location: 7LSF
0-1: Fielders Choice at 2nd, 3-6 (Groundball, 34, EV 82.5 MPH)
José Vázquez to third
Batting: RHB Santiago Contreras 0-0: Called Strike
0-1: SINGLE (Groundball, 3L, EV 85.0 MPH)
José Vázquez scores
John Owen to second
Batting: RHB Félix Rodríguez 0-0: DOUBLE (Flyball, 8LXD, EV 105.6 MPH)
John Owen scores
Santiago Contreras to third
Batting: RHB Pat Moore 0-0: Ball
1-0: Ball
2-0: DOUBLE (Groundball, 5L, EV 98.8 MPH)
Santiago Contreras scores
Félix Rodríguez scores
Batting: LHB Ernesto Mojica 0-0: Ball
1-0: SINGLE (Groundball, 4MD, EV 105.0 MPH)
Pat Moore to third
Runner from 3rd tries for Home, SAFE, throw by CF to home
Batting: LHB Edgardo Pérez 0-0: Ball
1-0: Fly out, F5 (Popup, 5S, EV 80.6 MPH)
Batting: RHB Jason Hanson 0-0: Ball
1-0: Ball
2-0: Called Strike
2-1: Foul Ball, location: 2F
2-2: Strikes out swinging
Bottom of the 6th over - 5 runs, 4 hits, 0 errors, 1 left on base; Austin 1 - Macon 11
TOP OF THE 7TH
Austin Aces batting - Pitching for Macon Bacon : RHP Javier Santandreu
Pitching: RHP Bruce Spracklin
Pinch Hitting: RHB Jorge Torres 0-0: Called Strike
0-1: Fly out, F9 (Line Drive, 9LM, EV 88.1 MPH)
Batting: RHB Pablo Tovar 0-0: Ball
1-0: SINGLE (Groundball, 4MD, EV 95.0 MPH)
Batting: RHB Héctor Sánchez 0-0: Swinging Strike
0-1: Ball
1-1: Ball
2-1: Called Strike
2-2: Fly out, F8 (Flyball, 8LM, EV 86.3 MPH)
Pinch Hitting: RHB Christian Kelly 0-0: Ball
1-0: Ball
2-0: Called Strike
2-1: SINGLE (Flyball, 5D, EV 94.4 MPH)
Pablo Tovar to second
Batting: RHB Wilson Galván 0-0: SINGLE (Flyball, 9LS, EV 74.4 MPH)
Pablo Tovar to third
Christian Kelly to second
Batting: LHB Roberto Salazar 0-0: Ball
1-0: Called Strike
1-1: Ball
2-1: Foul Ball, location: 3F
2-2: Ball
3-2: Fly out, F9 (Flyball, 89M, EV 77.5 MPH)
Top of the 7th over - 0 runs, 3 hits, 0 errors, 3 left on base; Austin 1 - Macon 11
BOTTOM OF THE 7TH
Macon Bacon batting - Pitching for Austin Aces : RHP Albert Morales
Pitching: RHP Joey Kaiser
Now at 2B: Jorge Torres
Batting: RHB José Vázquez 0-0: Called Strike
0-1: Foul Ball, location: 3F
0-2: Ball
1-2: Strikes out swinging
Batting: LHB Bruce Spracklin 0-0: Called Strike
0-1: Called Strike
0-2: Ball
1-2: Strikes out swinging
Batting: LHB John Owen 0-0: Called Strike
0-1: Foul Ball, location: 7LSF
0-2: Strikes out swinging
Bottom of the 7th over - 0 runs, 0 hits, 0 errors, 0 left on base; Austin 1 - Macon 11
TOP OF THE 8TH
Austin Aces batting - Pitching for Macon Bacon : RHP Bruce Spracklin
Pitching: RHP Oscar Parker
Batting: LHB Shane Young 0-0: Called Strike
0-1: SINGLE (Line Drive, 5D, EV 96.3 MPH)
Batting: LHB George Shaw 0-0: Ball
1-0: SINGLE (Line Drive, 7S, EV 93.1 MPH)
Shane Young to second
Batting: SHB Oliver Johns 0-0: Ball
1-0: Grounds into double play, 4-6-3 (Groundball, 4D, EV 84.4 MPH)
Shane Young to third
Batting: RHB Jorge Torres 0-0: Ball
1-0: Foul Ball, location: 5DF
1-1: Ground out 5-3 (Groundball, 5S, EV 64.4 MPH)
Top of the 8th over - 0 runs, 2 hits, 0 errors, 1 left on base; Austin 1 - Macon 11
BOTTOM OF THE 8TH
Macon Bacon batting - Pitching for Austin Aces : RHP Joey Kaiser
Batting: RHB Santiago Contreras 0-0: Ball
1-0: Called Strike
1-1: Ball
2-1: SINGLE (Groundball, 4D, EV 96.9 MPH)
Batting: RHB Félix Rodríguez 0-0: Ball
1-0: Foul Ball, location: 2F
1-1: Ball
2-1: Called Strike
2-2: Ball
3-2: Strikes out swinging
Santiago Contreras steals 2nd base
Batter strikes out.
Batting: RHB Pat Moore 0-0: Foul Ball, location: 2F
0-1: Swinging Strike
0-2: Strikes out swinging
Batting: LHB Ernesto Mojica 0-0: Foul Ball, location: 3DF
0-1: Foul Ball, location: 2F
0-2: Foul Ball, location: 7LSFF
0-2: Foul Ball, location: 2F
0-2: Ball
1-2: Ball
2-2: Ground out 4-3 (Groundball, 4, EV 86.3 MPH)
Bottom of the 8th over - 0 runs, 1 hit, 0 errors, 1 left on base; Austin 1 - Macon 11
TOP OF THE 9TH
Austin Aces batting - Pitching for Macon Bacon : RHP Oscar Parker
Batting: RHB Pablo Tovar 0-0: Ball
1-0: SINGLE (Line Drive, 9LS, EV 92.5 MPH)
Batting: RHB Héctor Sánchez 0-0: Grounds into double play, 4-6-3 (Groundball, 4S, EV 81.9 MPH)
Pinch Hitting: LHB Bill Baker 0-0: Ground out U3 (Groundball, 3L, EV 81.3 MPH)
Top of the 9th over - 0 runs, 1 hit, 0 errors, 0 left on base; Austin 1 - Macon 11
Monday, February 19th , 2024 - OOTP Baseball 24.11 Build 85